 Dungeon Crawl Stone Soup version 0.29.1-13-g9f3cf754e1 (webtiles) character file.

Game seed: 2976531435086860137

4407 Exodus22XD the Spear-Bearer (level 10, -3/86 HPs)
             Began as a Minotaur Fighter on Feb 3, 2023.
             Was a Priest of Okawaru.
             Slain by an orc warrior
             ... wielding a +0 scimitar
              (18 damage)
             ... on level 9 of the Dungeon.
             The game lasted 00:09:39 (8002 turns).

Exodus22XD the Spear-Bearer (Minotaur Fighter)      Turns: 8002, Time: 00:09:39

Health: -3/86      AC: 15    Str: 25    XL:     10   Next: 14%
Magic:  12/12      EV: 22    Int:  5    God:    Okawaru [***...]
Gold:   489        SH:  5    Dex: 10    Spells: 9/9 levels left

rFire   . . .      SeeInvis .   D - +8 demon trident "Rift" {distort, reach+}
rCold   . . .      Faith    .   c - +0 buckler
rNeg    + . .      Spirit   .   y - +0 plate armour
rPois   .          Reflect  .   (helmet restricted)
rElec   .          Harm     +   J - scarf {harm}
rCorr   .          Rampage  .   K - +0 pair of gloves
Will    .....                   (no boots)
Stlth   ..........              j - amulet of the acrobat
HPRegen 0.24/turn               x - ring of positive energy
MPRegen 0.13/turn               (no ring)

@: acrobatic
A: horns 2, retaliatory headbutt
a: Renounce Religion, Heroism


You were on level 9 of the Dungeon.
You worshipped Okawaru.
Okawaru was most pleased with you.
You visited 2 branches of the dungeon, and saw 10 of its levels.
You also visited: Sewer.

You collected 489 gold pieces.

Inventory:

Hand Weapons
 a - a +0 war axe
 D - the +8 demon trident "Rift" (weapon) {distort, reach+}
   (You found it on level 6 of the Dungeon)

   It warps and distorts space around it, and may blink, banish, or inflict
   extra damage upon those it strikes.
   Unwielding it can cause banishment or high damage.
   It can reach especially far, and its reaching attacks ignore other creatures
   in the way.
Missiles
 b - 2 throwing nets (quivered)
Armour
 c - a +0 buckler (worn)
 e - a +0 cloak
 y - a +0 plate armour (worn)
 J - a scarf of harm (worn)
 K - a +0 pair of gloves (worn)
Jewellery
 j - an amulet of the acrobat (around neck)
 x - a ring of positive energy (left hand)
 A - an amulet of guardian spirit
Wands
 C - a wand of charming (33)
 I - a wand of quicksilver (11)
 N - a wand of iceblast (3)
Scrolls
 f - 3 scrolls of butterflies {unknown}
 g - 9 scrolls of identify {unknown}
 i - 2 scrolls of enchant armour {unknown}
 k - 5 scrolls of teleportation {unknown}
 m - 2 scrolls of immolation {unknown}
 n - a scroll of silence {unknown}
 p - 2 scrolls of fear {unknown}
 t - 3 scrolls of blinking {unknown}
 u - 2 scrolls of enchant weapon {unknown}
 v - 2 scrolls of amnesia {unknown}
 w - a scroll of magic mapping {unknown}
 E - a scroll of summoning {unknown}
 H - 2 scrolls of noise {unknown}
 P - a scroll of brand weapon {unknown}
Potions
 d - 4 potions of might
 h - 3 potions of attraction {unknown}
 l - 3 potions of haste {unknown}
 o - 4 potions of lignification {unknown}
 q - 2 potions of curing {unknown}
 r - 2 potions of heal wounds {unknown}
 s - a potion of mutation {unknown}
 z - a potion of magic {unknown}
 B - a potion of flight {unknown}
 F - a potion of invisibility {unknown}
 G - a potion of brilliance {unknown}
 L - a potion of ambrosia {unknown}
 M - a potion of resistance
 O - 2 potions of berserk rage {unknown}


   Skills:
 + Level 7.5 Fighting
 - Level 8.2(10.5) Axes
 * Level 10.4(11.6) Polearms
 + Level 8.0 Armour
 + Level 5.7 Shields
 * Level 4.2 Invocations


You had 9 spell levels left.
You didn't know any spells.
Your spell library was empty.

Dungeon Overview and Level Annotations

Branches:
Dungeon (9/15)             Temple (1/1) D:4            Lair (0/5) D:8
  Sewer (visited)
    Orc: D:9-12

Altars:
Ashenzari
Cheibriados
Dithmenos
Elyvilon
Fedhas
Gozag
Hepliaklqana
Kikubaaqudgha
Makhleb
Nemelex Xobeh
Okawaru
Qazlal
Sif Muna
Trog
Uskayaw
Vehumet
Wu Jian
Yredelemnul
Zin
The Shining One

Shops:
D:6 ?   D:7 :

Annotations:
D:3 2 transporters, solar's ghost, amateur GrFi


Innate Abilities, Weirdness & Mutations

You have a pair of horns on your head.
You reflexively headbutt those who attack you in melee.


Message History

Okawaru will now gift you throwing weapons as you gain piety.
You closely miss the orc warrior.
The orc warrior is lightly wounded.
The orc warrior throws a boomerang.
The boomerang closely misses you.
The orc priest invokes the aid of Beogh against you.
Beogh smites you!
Unknown command.
You puncture the orc warrior!
Space warps around the orc warrior.
The orc warrior is heavily wounded.
Unknown command.
You closely miss the orc warrior.
The orc warrior is heavily wounded.
The orc warrior hits you with a +0 scimitar.
The orc priest looks braver for a moment.
The orc wizard mumbles some strange words.
The orc wizard flickers and vanishes!
You are too injured to fight recklessly!
Unknown command.
You are too injured to fight recklessly!
The orc warrior attacks as you move away!
The orc warrior hits you with a +0 scimitar!
The orc priest mumbles some strange prayers to Beogh against you.
Beogh smites you!
* * * LOW HITPOINT WARNING * * *
Things that are here:
a +0 dire flail; a +0 plate armour
Okay, then.
Okay, then.
Okay, then.
Okay, then.
Okay, then.
The orc warrior attacks as you move away!
The orc warrior closely misses you. You furiously retaliate!
You headbutt the orc warrior, but do no damage.
There is an open door here.
The orc warrior attacks as you move away!
The orc warrior misses you.
The orc warrior attacks as you move away!
The orc warrior hits you with a +0 scimitar!
You die...

#.# #.# ##.######
#####+### #.[.....#
#........ #.......#
#........ #.......#
#........
#.......####........
#.......#.o'........
#.......@o##.######
#.......####)#
#.......# #)#
###.##### ##oo{oo..
#. o...... ##


ooo.... #...#.. #.## 8 ## You could see an orc warrior and an orc.

Vanquished Creatures
  A troll (D:7)
  Menkaure (D:5)
  2 water moccasins (D:7)
  6 orc warriors (D:9)
  A sky beast (D:7)
  A black bear (D:4)
  An ogre (D:6)
  2 centaurs (D:9)
  2 phantoms
  10 kobold brigands
  3 bullfrogs
  A gnoll sergeant (D:7)
  A necrophage (D:6)
  2 scorpions
  7 wights
  4 killer bees (D:8)
  A howler monkey (D:9)
  3 jellies
  An orc priest (D:6)
  A hound (D:6)
  Terence (D:3)
  4 iguanas
  5 orc wizards
  4 gnolls (D:7)
  13 adders
  A river rat (D:6)
  A shadow imp (D:7)
  A white imp (D:7)
  4 worms
  4 dart slugs
  25 orcs
  12 endoplasms
  2 giant cockroaches (D:6)
  14 goblins
  12 hobgoblins
  6 jackals
  2 quokkas
  16 ball pythons
  3 bats
  3 frilled lizards
  17 kobolds
  9 rats
210 creatures vanquished.

Notes
Turn   | Place    | Note
-------+----------+-------------------------------------------
     0 | D:1      | Exodus22XD the Minotaur Fighter began the quest for the
                  | Orb.
     0 | D:1      | Reached XP level 1. HP: 19/19 MP: 0/0
   115 | D:1      | Reached XP level 2. HP: 27/27 MP: 1/1
   978 | D:2      | Reached XP level 3. HP: 33/33 MP: 2/2
  1263 | D:2      | Reached XP level 4. HP: 40/40 MP: 3/3
  1515 | D:3      | Noticed Terence
  1521 | D:3      | Killed Terence
  1914 | D:3      | Reached XP level 5. HP: 47/47 MP: 4/4
  2281 | D:3      | Reached skill level 5 in Axes
  2436 | D:3      | Found a transporter.
  2436 | D:3      | Noticed an ogre
  2436 | D:3      | Noticed solar's ghost (amateur GrFi)
  2437 | D:3      | Identified the +4 giant spiked club "Plog" {drain, rF+
                  | Str-4 Dex+3}
  2437 | D:3      | Noticed an ogre
  2438 | D:3      | Found a transporter.
  2438 | D:3      | Noticed an ogre
  2602 | D:4      | Noticed a phantom
  2625 | D:4      | Killed a phantom
  2626 | D:4      | Reached skill level 5 in Armour
  2626 | D:4      | Reached XP level 6. HP: 30/53 MP: 5/5
  2807 | D:4      | Found a staircase to the Ecumenical Temple.
  2828 | Temple   | Entered the Ecumenical Temple
  3534 | D:5      | Entered Level 5 of the Dungeon
  3540 | D:5      | Reached skill level 5 in Fighting
  3540 | D:5      | Reached XP level 7. HP: 61/61 MP: 6/6
  3791 | D:5      | Noticed Menkaure
  3796 | D:5      | Killed Menkaure
  3939 | D:5      | Reached skill level 5 in Shields
  3941 | D:5      | Found a snail-covered altar of Cheibriados.
  3945 | D:5      | Found an ancient bone altar of Kikubaaqudgha.
  3946 | D:5      | Found an opulent altar of Gozag.
  3947 | D:5      | Found a broken altar of Ashenzari.
  3947 | D:5      | Found a burning altar of Makhleb.
  3947 | D:5      | Found a basalt altar of Yredelemnul.
  3947 | D:5      | Found a sparkling altar of Nemelex Xobeh.
  3948 | D:5      | Found an ornate altar of the Wu Jian Council.
  3949 | D:5      | Found a hide-covered altar of Uskayaw.
  3950 | D:5      | Found a glowing silver altar of Zin.
  3951 | D:5      | Found a radiant altar of Vehumet.
  3952 | D:5      | Found a white marble altar of Elyvilon.
  4113 | D:6      | Found the +8 demon trident "Rift" {distort, reach+}
  4131 | D:6      | Reached XP level 8. HP: 64/69 MP: 7/7
  4183 | Temple   | Became a worshipper of Warmaster Okawaru
  4287 | D:6      | Reached skill level 1 in Polearms
  4289 | D:6      | Reached skill level 1 in Invocations
  4310 | D:6      | Reached skill level 2 in Polearms
  4424 | D:6      | Found a glowing drain.
  4432 | Sewer    | Entered a sewer
  4558 | Sewer    | Reached skill level 3 in Polearms
  4662 | Sewer    | Reached skill level 4 in Polearms
  4783 | Sewer    | Reached * piety under Okawaru
  4784 | Sewer    | Reached skill level 5 in Polearms
  4908 | Sewer    | Reached XP level 9. HP: 76/78 MP: 10/10
  4927 | Sewer    | Reached skill level 6 in Polearms
  5043 | D:6      | Found Huask's Magic Scroll Boutique.
  5652 | D:7      | Reached skill level 7 in Polearms
  6146 | D:7      | Found Jacsaf's Vocational Training.
  6198 | D:7      | Reached skill level 8 in Polearms
  6218 | D:7      | Noticed a troll
  6221 | D:7      | Killed a troll
  6561 | D:8      | Reached ** piety under Okawaru
  6571 | D:8      | Reached skill level 9 in Polearms
  7112 | D:8      | Found a bloodstained altar of Trog.
  7167 | D:8      | Found a staircase to the Lair.
  7729 | D:9      | Reached skill level 10 in Polearms
  7849 | D:9      | Reached XP level 10. HP: 86/86 MP: 12/12
  7992 | D:9      | Reached *** piety under Okawaru
  8002 | D:9      | Slain by an orc warrior

Illustrated notes

Levels and vault maps discovered:
D:1:      dpeg_arrival_rooms_with_view, layout_loops_cross, serial_rivers,
          chequers_serial_rivers_small_b, chequers_serial_rivers_large_b,
          chequers_serial_rivers_micro_b, chequers_serial_rivers_room_a
D:2:      kennysheep_the_goblin_king, layout_rooms
D:3:      layout_loops_ring, gammafunk_ghost_smash, supply_closet_lemuel,
          minmay_snake_closets, uniq_terence
D:4:      layout_cave_pools, minmay_temple_entry_junction, grunt_decor_fettered,
          chequers_jeans, kennysheep_generic_room_6
D:5:      layout_rooms, minitemple, uniq_menkaure
D:6:      layout_cave_pools, enter_ossuary_2, gup_sewer_entry_bubbles,
          serial_shops, nicolae_take_the_stairs, hex_tiny
D:7:      layout_basic, minivault_24, nicolae_sextant, nicolae_shop_vocational
D:8:      layout_gridville, trog_hazing_becter, lair_entry_dummy
D:9:      layout_roguey, david_orc_4
Temple:   nicolae_temple_superstar

Skill      XL: |  1  2  3  4  5  6  7  8  9 10 |
---------------+-------------------------------+-----
Fighting       | 4 5 6 7 |  7.5
Armour         | 4 5 6 7 8 |  8.0
Axes           | 3 4 5 6 8 |  8.2
Shields        | 4 5 |  5.7
Polearms       | 5 10 | 10.4
Invocations    | 2 4 |  4.2

Action                   |  1- 3 |  4- 6 |  7- 9 | 10-12 || total
-------------------------+-------+-------+-------+-------++-------
Melee: War axe           |    85 |   115 |    34 |       ||   234
       Headbutt          |     8 |    18 |    20 |     5 ||    51
       Demon trident     |       |       |   207 |    34 ||   241
Armor: Scale mail        |    35 |    51 |       |       ||    86
       Plate armour      |       |       |    54 |     2 ||    56
Dodge: Dodged            |    46 |    74 |    39 |     9 ||   168
Block: Buckler           |    15 |    25 |    36 |     2 ||    78
